 Dungeon Crawl Stone Soup version 0.30-a0-883-g5ad918d77d (webtiles) character file.

Game seed: 6916972608464178306

42 Newt the Trooper (level 3, -15/29 (30) HPs)
             Began as a Demonspawn Gladiator on Mar 17, 2023.
             Was an Initiate of Makhleb.
             Demolished by Crazy Yiuf
             ... wielding a +4 quarterstaff of chaos
              (19 damage)
             ... on level 2 of the Dungeon.
             The game lasted 00:01:01 (1260 turns).

Newt the Trooper (Demonspawn Gladiator)             Turns: 1260, Time: 00:01:03

HP:   -15/29 (30)   AC:  6    Str: 16    XL:     3   Next: 33%
MP:   3/3           EV: 12    Int:  9    God:    Makhleb [......]
Gold: 141           SH:  0    Dex: 14    Spells: 2/2 levels left

rFire   . . .      SeeInvis .    a - +0 rapier (elec)
rCold   . . .      Faith    .    (no shield)
rNeg    . . .      Spirit   .    b - +0 leather armour
rPois   .          Reflect  .    c - +0 helmet
rElec   .          Rampage  .    (no cloak)
rCorr   .                        j - +0 pair of gloves
Will    .....                    (no boots)
Stlth   +                        (no amulet)
HPRegen 0.24/turn                (no ring)
MPRegen 0.16/turn                (no ring)

@: lethally poisoned (-15 -> -19), lightly drained
A: magic regeneration, sharp scales 1
a: Renounce Religion


You were on level 2 of the Dungeon.
You worshipped Makhleb.
Makhleb was noncommittal.
You visited 1 branch of the dungeon, and saw 2 of its levels.

You collected 141 gold pieces.

Inventory:

Hand Weapons
 a - a +0 rapier of electrocution (weapon)
Armour
 b - a +0 leather armour (worn)
 c - a +0 helmet (worn)
 j - a +0 pair of gloves (worn)
Scrolls
 i - a scroll of teleportation
 k - a scroll of vulnerability {unknown}
 l - 2 scrolls of identify {unknown}
Potions
 f - a potion of invisibility {unknown}
 g - 2 potions of berserk rage {unknown}
 h - a potion of brilliance {unknown}
 m - a potion of curing
 n - a potion of might {unknown}


   Skills:
 + Level 3.8 Fighting
 - Level 2.6 Short Blades
 - Level 1.7 Throwing
 - Level 2.6 Dodging


You had 2 spell levels left.
You didn't know any spells.
Your spell library contained the following spells:

 Spells                   Type           Power      Damage    Failure   Level
 Inner Flame              Hex/Fire       0%         N/A       83%         3
 Cause Fear               Hex            0%         N/A       99%         4
 Discord                  Hex            0%         N/A       100%        8


Dungeon Overview and Level Annotations

Branches:
Dungeon (2/15)

Altars:
Makhleb

Shops:
D:1 *

Annotations:
D:2 Crazy Yiuf


Innate Abilities, Weirdness & Mutations

You regenerate magic rapidly.
You are partially covered in razor-sharp scales. (AC +1, Slay +1)


Message History

Crazy Yiuf struggles against the net.
The net rips apart, and Crazy Yiuf comes free!
Throw: throwing net
Press: ? - help, Q - select action, (/) - cycle Shift-Dir - straight line, f/p - Crazy Yiuf
Aim: Crazy Yiuf, wielding a +4 quarterstaff of chaos and wearing a +2 cloak of willpower (almost dead, 64% to hit)
You throw a throwing net.
The throwing net barely misses Crazy Yiuf.
Crazy Yiuf drinks a potion.
Crazy Yiuf is healed!
You hit Crazy Yiuf.
Crazy Yiuf is moderately wounded.
Crazy Yiuf completely misses you.
Throw: javelin
Press: ? - help, Shift-Dir - straight line, f/p - Crazy Yiuf
Aim: Crazy Yiuf, wielding a +4 quarterstaff of chaos and wearing a +2 cloak of willpower (moderately wounded, 64% to hit)
You throw a javelin. The javelin barely misses Crazy Yiuf.
Crazy Yiuf hits you with a +4 quarterstaff of chaos.
You are poisoned.
Unknown command.
You completely miss Crazy Yiuf.
Crazy Yiuf is moderately wounded.
You feel very sick. Crazy Yiuf barely misses you.
You closely miss Crazy Yiuf.
Crazy Yiuf is moderately wounded.
You feel sick.
Crazy Yiuf says, "Lay alas infinity!"
Crazy Yiuf barely misses you.
You hit Crazy Yiuf but do no damage.
Crazy Yiuf is moderately wounded.
You feel sick.
Crazy Yiuf hits you with a +4 quarterstaff of chaos.
You feel drained.
You closely miss Crazy Yiuf.
Crazy Yiuf is moderately wounded.
You feel sick.
Crazy Yiuf hits you with a +4 quarterstaff of chaos!
* * * LOW HITPOINT WARNING * * *
You are electrocuted!!
Ouch! That really hurt!
You die...

###.###.##.#.####...............
#.........#### #####...........
##.#.......# #.....#..#..
#....>.....# ##### #...........
##.#......## #.()# #...........
#.#..#....# #...# ###.........
#.#..#....# *...* #....#.##.
#......##.# *#g#* #..##.....
###.##.#### ♣♣@♣ #..##.....
#.##.#### ♣.♣♣ ###......#..
####.##....# ♣♣.♣ #........#..
.......#.### ♣.♣♣ ###.###..###
.......#.# ♣♣.♣♣ #.........(.
.......#.# ♣...♣♣ ###.###.....
####.###.### ♣....♣ #.# ##.###
#.........# #....# #.# #.###
#.........###+..+######.####....


You could see Crazy Yiuf.

Vanquished Creatures
  4 dart slugs
  3 ball pythons
  6 endoplasms
  2 giant cockroaches (D:2)
  3 goblins (D:1)
  2 hobgoblins (D:1)
  2 jackals (D:1)
  A quokka (D:1)
  2 bats
  2 kobolds
  3 rats
30 creatures vanquished.

Notes
Turn   | Place    | Note
-------+----------+-------------------------------------------
     0 | D:1      | Newt the Demonspawn Gladiator began the quest for the Orb.
     0 | D:1      | Reached XP level 1. HP: 16/16 MP: 1/1
    49 | D:1      | Found Okaunt's General Store.
   260 | D:1      | Gained mutation: You are partially covered in razor-sharp
                  | scales. (AC +1, Slay +1) [demonic ancestry]
   260 | D:1      | Reached XP level 2. HP: 22/23 MP: 2/2
   299 | D:1      | Reached skill level 3 in Fighting
   572 | D:2      | Found a burning altar of Makhleb.
   606 | D:2      | Gained mutation: You regenerate magic rapidly. [demonic
                  | ancestry]
   606 | D:2      | Reached XP level 3. HP: 18/29 MP: 3/3
   610 | D:2      | Became a worshipper of Makhleb the Destroyer
  1037 | D:2      | Found a runed translucent door.
  1038 | D:2      | Noticed Crazy Yiuf
  1260 | D:2      | Demolished by Crazy Yiuf

Illustrated notes

Levels and vault maps discovered:
D:1:      minmay_arrival_up_and_down, layout_rooms, serial_shops, shop,
          serial_bayou_ford_a, chequers_serial_rivers_room_a, st_stairs_12
D:2:      layout_basic, basic_altar, uniq_crazy_yiuf_cottage

Skill      XL: |  1  2 |
---------------+-------+-----
Fighting       | 3 |  3.8
Short Blades   | |  2.6
Throwing       | |  1.7
Dodging        | |  2.6

Action                     || total
---------------------------++-------
  Melee: Rapier            ||   111
  Throw: Throwing net      ||     3
         Javelin           ||     1
    Use: Scroll            ||     3
   Stab: Sleeping          ||     1
         Held in net/web   ||     1
 Armour: Leather armour    ||    37
  Dodge: Dodged            ||    58

Table legend: (Time is in decaauts)
 A = Elapsed time spent in this place.
 B = Non-inter-level travel time spent in this place.
 C = Inter-level travel time spent in this place.
 D = Time resting spent in this place.
 E = Time spent auto-exploring this place.
 F = Levels seen in this place.
 G = Mean time per level.
                   A        B        C        D        E       F      G
               +--------+--------+--------+--------+--------+-----+--------+
         Total |   1275 |   1252 |     23 |      0 |   1002 |   2 |  637.5 |
       Dungeon |   1275 |   1252 |     23 |      0 |   1002 |   2 |  637.5 |
               +--------+--------+--------+--------+--------+-----+--------+

Top non-repeatable levels by time:
     D:2: 717 daAuts
     D:1: 557 daAuts
